 Dungeon Sprint DCSS version 0.20-a0-1018-ge435b50 (webtiles) character file.

68296 Metzger the Minotaur Blade (level 14, -4/160 HPs)
             Began as a Minotaur Fighter on Apr 17, 2017.
             Was the Champion of Makhleb.
             Blown up by Boris (53 damage)
             ... with a wavering orb of destruction
             ... in the Dungeon (Sprint IX: "|||||||||||||||||||||||||||||").
             The game lasted 00:07:36 (3463 turns).

Metzger the Minotaur Blade (Minotaur Fighter)       Turns: 3463, Time: 00:07:37

Health: -4/160     AC: 34    Str: 20    XL:     14   Next: 86%
Magic:  13/13      EV: 15    Int:  5    God:    Makhleb [******]
Gold:   405        SH: 17    Dex: 16    Spells: 13/13 levels left

rFire    + . .     SeeInvis .   o - +2 scimitar (flame)
rCold    + . .     Gourm    .   c - +0 shield
rNeg     + + .     Faith    .   G - +2 plate armour {rN+}
rPois    .         Spirit   .   (helmet restricted)
rElec    +         Reflect  .   A - +1 cloak of Starlight {rElec rC+ EV+4 Stlth--}
rCorr    +         Harm     .   B - +3 pair of gauntlets of War {Slay+5}
MR       +....     NoTele   +   y - +2 pair of boots of Tedeuqokk {rN+ rCorr Stlth+}
Stlth    ..........             (no amulet)
Regen    0.4/turn               s - +2 ring of protection
MPRegen  0.2/turn               q - ring of protection from fire

@: no status effects
A: retaliatory headbutt, horns 2
a: Minor Destruction, Lesser Servant of Makhleb, Major Destruction, Greater
Servant of Makhleb, Renounce Religion


You were in the Dungeon.
You worshipped Makhleb.
Makhleb was exalted by your worship.
You were not hungry.

You visited 1 branch You collected 1918 gold pieces.
You spent 1513 gold pieces at shops.

Inventory:

Hand Weapons
 o - a +2 scimitar of flaming (weapon)
 C - a +1 double sword
 H - a +1 scimitar of flaming
Armour
 c - a +0 shield (worn)
 r - a +0 plate armour
 y - the +2 pair of boots of Tedeuqokk (worn) {rN+ rCorr Stlth+}
   (You bought it in a shop in the Dungeon)

   It protects you from negative energy.
   It protects you from acid and corrosion.
   It makes you more stealthy.
 A - the +1 cloak of Starlight (worn) {rElec rC+ EV+4 Stlth--}
   (You bought it in a shop in the Dungeon)

   It affects your evasion (+4).
   It protects you from cold.
   It insulates you from electricity.
   It makes you much less stealthy.
 B - the +3 pair of gauntlets of War (worn) {Slay+5}
   (You bought it in a shop in the Dungeon)

   It affects your accuracy and damage with ranged weapons and melee attacks
   (+5).
 D - the +2 ratskin cloak {+Rats rPois rN+ Str-1 Int-1 Dex+1}
   (You found it in the Dungeon)

   It affects your strength (-1).
   It affects your intelligence (-1).
   It affects your dexterity (+1).
   It protects you from poison.
   It protects you from negative energy.
 G - a +2 plate armour of positive energy (worn)
Jewellery
 p - an uncursed ring of fire
 q - a ring of protection from fire (right hand)
 s - a +2 ring of protection (left hand)
 t - a +3 ring of intelligence
 z - a +2 ring of dexterity
Wands
 n - a wand of iceblast (7/15)
Scrolls
 a - a scroll of fear
 b - 2 scrolls of recharging
 k - 3 scrolls of blinking
 l - 3 scrolls of remove curse
 m - 2 scrolls of amnesia
 u - 9 scrolls of identify
 v - 3 scrolls of enchant weapon
Potions
 d - 2 potions of might
 e - 8 potions of curing
 g - 6 potions of heal wounds
 h - 2 potions of haste
 i - 4 potions of magic
 j - a potion of invisibility
 E - a potion of brilliance
 I - 2 potions of mutation
 J - a potion of experience {unknown}
Comestibles
 f - 12 bread rations
 w - 13 meat rations
 x - 40 fruits


   Skills:
 + Level 24.6 Fighting
 + Level 25.5 Long Blades
 + Level 20.0 Armour
 + Level 6.0 Dodging
 + Level 22.9 Shields


You had 13 spell levels left.
You didn't know any spells.

Dungeon Overview and Level Annotations

Branches:
Dungeon (1/1)

Altars:
Cheibriados
Dithmenos
Elyvilon
Fedhas
Gozag
Hepliaklqana
Kikubaaqudgha
Makhleb
Nemelex Xobeh
Okawaru
Qazlal
Ru
Sif Muna
Trog
Uskayaw
Vehumet
Wu Jian
Xom
Yredelemnul
Zin
The Shining One
Beogh
Jiyva
Lugonu

Shops:
D [[?}

Annotations:
D Boris, Frederick


Innate Abilities, Weirdness & Mutations

You reflexively headbutt those who attack you in melee.
You have a pair of horns on your head.


Message History

You closely miss something.
Something conjures a glowing orb.
The wavering orb of destruction weakly hits you!
Frederick hits you from afar with an enchanted demon trident!
You hit something. You burn something. Your headbutt misses something.
Something hits you. You block something's attack.
You hit something but do no damage. You block Frederick's attack.
You hit something but do no damage. Your headbutt misses something.
You hear some strange, mumbled words.
An iron shot appears from out of thin air!
The iron shot hits you! You block Frederick's attack.
You slash something! You burn something. Your headbutt misses something.
You hear some strange, mumbled words.
A bolt of cold appears from out of thin air!
The bolt of cold misses you.
Your plate armour prevents you from hitting something.
You headbutt something! Frederick closely misses you.
Something conjures a glowing orb.
The wavering orb of destruction weakly hits you!
You die...

.................................
▓▓▓▓▓▓▓▓▓▓▓▓▓▓▓▓▓♣♣♣♣♣♣♣♣♣♣▓▓▓▓▓▓
...(...(()))))...'†[.(.....())†)÷
▓▓▓▓▓▓▓▓▓▓▓▓▓▓▓▓▓♣♣♣♣♣♣♣♣♣♣▓▓▓▓▓▓
................................÷
▓▓▓▓▓▓▓▓▓▓▓▓▓▓▓▓▓▓▓▓▓▓▓▓▓▓▓▓▓▓▓▓▓
)))[......)[......+())).))).(..).
▓▓▓▓▓▓▓▓▓▓▓▓▓▓▓▓▓▓▓▓▓▓▓▓▓▓▓▓▓▓▓▓▓
....8@{@................
▓▓▓▓▓▓▓▓▓▓▓▓▓▓▓▓▓▓▓▓▓▓▓▓


You could see Frederick and a spellforged servitor.

Vanquished Creatures
  Saint Roka (D)
  3 liches (D)
  A nagaraja (D)
  A tengu reaver (D)
  2 vault wardens (D)
  A frost giant (D)
  An iron dragon (D)
  2 ironheart preservers (D)
  A stone giant (D)
  An entropy weaver (D)
  Azrael (D)
  2 ettins (D)
  A merfolk javelineer (D)
  2 fire dragons (D)
  A yaktaur captain (D)
  Josephine (D)
  A great orb of eyes (D)
  Erolcha (D)
  A spriggan air mage (D)
  5 hydras (D)
  2 merfolk avatars (D)
  2 alligators (D)
  An anaconda (D)
  A centaur warrior (D)
  A death knight (D)
  2 ogre magi (D)
  A two-headed ogre (D)
  2 vampire magi (D)
  A tengu warrior (D)
  3 deep troll earth magi (D)
  2 naga sharpshooters (D)
  An unseen horror (D)
  A sea snake (D)
  A flayed ghost (D)
  2 swamp dragons (D)
  A glowing orange brain (D)
  A deep elf archer (D)
  4 orc knights (D)
  An ironbrand convoker (D)
  5 orc sorcerers (D)
  A wolf spider (D)
  A cyclops (D)
  An ugly thing (D)
  An orb spider (D)
  A guardian serpent (D)
  A manticore (D)
  A guardian serpent (shapeshifter) (D)
  2 vault sentinels (D)
  2 black mambas (D)
  A naga mage (D)
  6 spiny frogs (D)
  A demonic crawler (D)
  3 yaktaurs (D)
  A komodo dragon (D)
  A freezing wraith (D)
  A jumping spider (D)
  2 trolls (D)
  A jumping spider (shapeshifter) (D)
  4 merfolk (D)
  3 tyrant leeches (D)
  A bog body (D)
  A slime creature (D)
  2 tarantellas (D)
  2 fire elementals (D)
  A yak (D)
  2 redbacks (D)
  5 wraiths (D)
  A hungry ghost (D)
  Eustachio (D)
  2 nagas (D)
  A water moccasin (D)
  5 porcupines (D)
  2 acid dragons (D)
  10 orc warriors (D)
  2 sky beasts (D)
  4 hell hounds (D)
  A black bear (D)
  A floating eye (shapeshifter) (D)
  A phantom (D)
  A boggart (D)
  A crocodile (D)
  3 bullfrogs (D)
  A scorpion (D)
  3 wights (D)
  6 orc priests (D)
  5 orc wizards (D)
  2 jellies (D)
  A worker ant (D)
  2 adder zombies (D)
  5 worms (D)
  A leopard gecko (D)
  13 orcs (D)
  A bat zombie (D)
  A giant cockroach (D)
  2 kobolds (D)
  A leopard gecko skeleton (D)
  A rat (D)
195 creatures vanquished.

Vanquished Creatures (others)
  An orc (D)
1 creature vanquished.

Grand Total: 196 creatures vanquished

Notes
Turn   | Place    | Note
-------+----------+-------------------------------------------
     0 | D        | Metzger the Minotaur Fighter began the quest for the Orb.
     0 | D        | Reached XP level 1. HP: 19/19 MP: 0/0
     5 | D        | Reached skill level 3 in Long Blades
    11 | D        | Reached skill level 4 in Long Blades
    16 | D        | Reached skill level 5 in Long Blades
   102 | D        | Noticed a sky beast
   102 | D        | Noticed a worker ant
   102 | D        | Noticed a sky beast
   102 | D        | Noticed a scorpion
   107 | D        | Killed a sky beast
   107 | D        | Reached skill level 10 in Long Blades
   107 | D        | Reached XP level 2. HP: 26/26 MP: 1/1
   107 | D        | Reached XP level 3. HP: 31/31 MP: 2/2
   107 | D        | Reached XP level 4. HP: 39/39 MP: 3/3
   110 | D        | Reached skill level 11 in Long Blades
   121 | D        | Killed a sky beast
   121 | D        | Reached skill level 13 in Long Blades
   121 | D        | Reached XP level 5. HP: 45/45 MP: 4/4
   123 | D        | Reached skill level 14 in Long Blades
   156 | D        | Found a roughly hewn altar of Beogh.
   156 | D        | Found a snail-covered altar of Cheibriados.
   156 | D        | Found a shadowy altar of Dithmenos.
   156 | D        | Found a white marble altar of Elyvilon.
   156 | D        | Found a blossoming altar of Fedhas.
   156 | D        | Found an opulent altar of Gozag.
   157 | D        | Found a hazy altar of Hepliaklqana.
   158 | D        | Found a viscous altar of Jiyva.
   159 | D        | Found an ancient bone altar of Kikubaaqudgha.
   160 | D        | Found a corrupted altar of Lugonu.
   161 | D        | Found a burning altar of Makhleb.
   162 | D        | Found a sparkling altar of Nemelex Xobeh.
   163 | D        | Found an iron altar of Okawaru.
   164 | D        | Found a stormy altar of Qazlal.
   165 | D        | Found a sacrificial altar of Ru.
   166 | D        | Found a deep blue altar of Sif Muna.
   167 | D        | Found a bloodstained altar of Trog.
   168 | D        | Found a hide-covered altar of Uskayaw.
   169 | D        | Found a radiant altar of Vehumet.
   171 | D        | Became a worshipper of Makhleb the Destroyer
   173 | D        | Found an ornate altar of the Wu Jian Council.
   174 | D        | Found a shimmering altar of Xom.
   175 | D        | Found a basalt altar of Yredelemnul.
   176 | D        | Found a glowing silver altar of Zin.
   177 | D        | Found a glowing golden altar of the Shining One.
   230 | D        | Noticed a troll
   230 | D        | Noticed a two-headed ogre
   230 | D        | Noticed a black bear
   235 | D        | Killed a troll
   235 | D        | Reached skill level 5 in Shields
   235 | D        | Reached XP level 6. HP: 50/57 MP: 5/5
   241 | D        | HP: 1/57 [two-headed ogre/giant spiked club (6)]
   243 | D        | Killed a two-headed ogre
   243 | D        | Reached skill level 15 in Long Blades
   243 | D        | Reached XP level 7. HP: 16/69 MP: 6/6
   243 | D        | Reached XP level 8. HP: 17/75 MP: 7/7
   244 | D        | Reached * piety under Makhleb
   250 | D        | Reached ** piety under Makhleb
   497 | D        | Noticed a centaur warrior
   504 | D        | Reached skill level 16 in Long Blades
   504 | D        | Reached skill level 1 in Dodging
   512 | D        | Killed a centaur warrior
   512 | D        | Reached skill level 10 in Fighting
   512 | D        | Reached skill level 10 in Armour
   512 | D        | Reached skill level 10 in Shields
   512 | D        | Reached XP level 9. HP: 86/86 MP: 8/8
   514 | D        | Reached *** piety under Makhleb
   648 | D        | Noticed a six-headed hydra
   648 | D        | Noticed a spiny frog
   652 | D        | Killed a three-headed hydra
   652 | D        | Reached skill level 17 in Long Blades
   662 | D        | Killed a spiny frog
   662 | D        | Reached **** piety under Makhleb
   676 | D        | Reached ***** piety under Makhleb
   677 | D        | Noticed a spiny frog
   685 | D        | Killed a spiny frog
   685 | D        | Reached XP level 10. HP: 84/99 MP: 9/9
   749 | D        | Noticed a spiny frog
   749 | D        | Noticed a black mamba
   749 | D        | Noticed a five-headed hydra
   749 | D        | Noticed a spiny frog
   752 | D        | Noticed a seven-headed hydra
   754 | D        | Killed a spiny frog
   754 | D        | Reached skill level 18 in Long Blades
   761 | D        | Killed a one-headed hydra
   763 | D        | Killed a black mamba
   775 | D        | Killed a three-headed hydra
   775 | D        | Reached skill level 19 in Long Blades
   779 | D        | Killed a spiny frog
   779 | D        | Reached ****** piety under Makhleb
  1059 | D        | Noticed Erolcha
  1071 | D        | Killed Erolcha
  1071 | D        | Reached skill level 15 in Fighting
  1071 | D        | Reached XP level 11. HP: 111/112 MP: 10/10
  1179 | D        | Noticed an orc knight
  1184 | D        | Noticed an orc sorcerer
  1193 | D        | Killed an orc knight
  1221 | D        | Killed an orc sorcerer
  1274 | D        | Found Hahal's Armour Emporium.
  1274 | D        | Noticed an orc sorcerer
  1275 | D        | Noticed an orc knight
  1277 | D        | Noticed an orc sorcerer
  1278 | D        | Found Dugurr's Armour Shoppe.
  1280 | D        | Killed an orc sorcerer
  1280 | D        | Reached skill level 20 in Long Blades
  1296 | D        | Killed an orc knight
  1297 | D        | Found Jeps's Magic Scroll Emporium.
  1298 | D        | Killed an orc sorcerer
  1298 | D        | Reached skill level 15 in Armour
  1301 | D        | Found Xeneuhou's Gadget Shoppe.
  1302 | D        | Noticed an orc sorcerer
  1303 | D        | Noticed an orc sorcerer
  1313 | D        | Killed an orc sorcerer
  1321 | D        | Killed an orc sorcerer
  1368 | D        | Bought the +2 pair of boots of Tedeuqokk {rN+ rCorr Stlth+} for 409 gold pieces
  1370 | D        | Bought the +1 cloak of Starlight {rElec rC+ EV+4 Stlth--} for 534 gold pieces
  1370 | D        | Bought the +3 pair of gauntlets of War {Slay+5} for 570 gold pieces
  1630 | D        | Noticed Josephine
  1645 | D        | Killed Josephine
  1761 | D        | Noticed an eight-headed hydra
  1766 | D        | Killed an unseen horror
  1774 | D        | Noticed a great orb of eyes
  1777 | D        | Killed a two-headed hydra
  1786 | D        | Reached XP level 12. HP: 115/127 MP: 11/11
  1788 | D        | Noticed a tengu warrior
  1790 | D        | Killed a great orb of eyes
  1790 | D        | Reached skill level 21 in Long Blades
  1791 | D        | Noticed a fire dragon
  1794 | D        | Noticed an ettin
  1798 | D        | Killed a tengu warrior
  1803 | D        | Noticed an ogre mage
  1813 | D        | Killed a fire dragon
  1817 | D        | Killed an ettin
  1817 | D        | Reached skill level 15 in Shields
  1835 | D        | Killed an ogre mage
  1981 | D        | Noticed an entropy weaver
  1995 | D        | Killed an entropy weaver
  2066 | D        | Noticed a nagaraja
  2069 | D        | Noticed an anaconda
  2081 | D        | Killed a nagaraja
  2081 | D        | Reached skill level 22 in Long Blades
  2102 | D        | Killed an anaconda
  2319 | D        | Noticed a four-headed hydra
  2319 | D        | Noticed an alligator
  2323 | D        | Killed a one-headed hydra
  2323 | D        | Reached XP level 13. HP: 139/139 MP: 12/12
  2376 | D        | Noticed a merfolk javelineer
  2390 | D        | Killed a merfolk javelineer
  2425 | D        | Reached skill level 23 in Long Blades
  2466 | D        | Noticed Eustachio
  2471 | D        | Noticed Saint Roka
  2503 | D        | HP: 6/143 [Saint Roka/uncursed great sword of holy wrath (12)]
  2504 | D        | Killed Saint Roka
  2509 | D        | Killed Eustachio
  2510 | D        | Noticed Azrael
  2527 | D        | HP: 4/144 [Azrael/scimitar of flaming (10)]
  2528 | D        | Killed Azrael
  2909 | D        | Noticed a stone giant
  2909 | D        | Noticed a tengu reaver
  2910 | D        | Noticed an iron dragon
  2915 | D        | Killed a stone giant
  2926 | D        | Killed a tengu reaver
  2927 | D        | Noticed an ettin
  2952 | D        | Killed an iron dragon
  2952 | D        | Reached skill level 24 in Long Blades
  2957 | D        | Paralysed by a floating eye for 4 turns
  2967 | D        | Paralysed by a floating eye for 2 turns
  2971 | D        | Reached XP level 14. HP: 139/155 MP: 13/13
  2982 | D        | Paralysed by a floating eye for 4 turns
  2991 | D        | Reached skill level 5 in Dodging
  3104 | D        | Noticed a frost giant
  3105 | D        | Noticed a lich
  3119 | D        | Killed a frost giant
  3126 | D        | Killed a lich
  3212 | D        | Noticed an ironheart preserver
  3213 | D        | Noticed a vault warden
  3223 | D        | Killed an ironheart preserver
  3228 | D        | Noticed a vault warden
  3232 | D        | Noticed an ironheart preserver
  3239 | D        | Noticed a lich
  3239 | D        | Killed a vault warden
  3257 | D        | Killed a vault warden
  3262 | D        | Killed a lich
  3262 | D        | Reached skill level 25 in Long Blades
  3265 | D        | Noticed a lich
  3270 | D        | Killed an ironheart preserver
  3281 | D        | Paralysed by a lich for 6 turns
  3290 | D        | Killed a lich
  3446 | D        | Noticed Boris
  3447 | D        | Noticed Frederick
  3463 | D        | Blown up by Boris

Vault maps used:
D:        linesprint

Skill      XL: |  1  2  3  4  5  6  7  8  9 10 11 12 13 14 |
---------------+-------------------------------------------+-----
Long Blades    | 10 13 14 15 16 17 19 20 22 24 25 | 25.5
Fighting       | 6 8 10 12 15 17 20 22 24 | 24.6
Armour         | 6 8 10 12 13 15 17 18 20 | 20.0
Shields        | 5 8 10 11 13 14 17 20 22 | 22.9
Dodging        | 1 2 3 4 6 |  6.0

Action                   |  1- 3 |  4- 6 |  7- 9 | 10-12 | 13-15 || total
-------------------------+-------+-------+-------+-------+-------++-------
Melee: Long sword        |    16 |    17 |       |       |       ||    33
       Headbutt          |     3 |     4 |    17 |    87 |   109 ||   220
       Scimitar          |       |    11 |    62 |   362 |   383 ||   818
 Abil: Evoke Ratskin     |       |       |       |     1 |       ||     1
  Use: Potion            |     1 |     1 |       |     1 |     1 ||     4
  Eat: Chunk             |       |       |       |     7 |     4 ||    11
       Bread ration      |       |       |       |       |     1 ||     1
Armor: Scale mail        |     6 |       |       |       |       ||     6
       Plate armour      |       |     7 |    26 |    98 |   129 ||   260
Dodge: Dodged            |     3 |     1 |     2 |    60 |    76 ||   142
Block: Shield            |     6 |     9 |    21 |   111 |   166 ||   313
       Rpst.: Scimitar   |       |       |       |    14 |    12 ||    26
